 Dungeon Crawl Stone Soup version 0.18.1-48-g4cf74bf (webtiles) character file.

119 Iskender the Magician (level 5, -1/33 HPs)
             Began as an Octopode Wanderer on Aug 23, 2016.
             Slain by a giant newt (3 damage)
             ... on level 3 of the Dungeon.
             The game lasted 00:15:04 (1777 turns).

Iskender the Magician (Octopode Wanderer)           Turns: 1777, Time: 00:15:04

Health: -1/33      AC:  1    Str: 12    XL:     5   Next: 3%
Magic:  11/11      EV: 11    Int: 12    God:
Gold:   132        SH:  0    Dex: 14    Spells: 0 memorised, 12 levels left

rFire  . . .     SeeInvis .     a - +0 mace
rCold  . . .     Gourm    .     (no shield)
rNeg   . . .     Faith    .     (helmet restricted)
rPois  .         Spirit   .     (no amulet)
rElec  .         Dismiss  .     (no ring)
rCorr  .         Reflect  .     (no ring)
SustAt .         Harm     .     (no ring)
MR     .....                    (no ring)
Stlth  ++++......               (no ring)
                                (no ring)
                                (no ring)
                                (no ring)

@: not resistant to hostile enchantments, stealthy
A: almost no armour, amphibious, 8 rings, constrict 8, camouflage 1, gelatinous
body 1
a: no special abilities


You were on level 3 of the Dungeon.
You were not hungry.

You visited 1 branch of the dungeon, and saw 3 of its levels.

You collected 132 gold pieces.

Inventory:

Hand Weapons
 a - a +0 mace (weapon)
 b - a +0 hunting sling
 k - a +0 dagger
 q - a +0 club
 y - a +0 spear
 B - a +2 shortbow
Missiles
 i - 62 arrows
 j - 120 stones (quivered)
 x - 42 sling bullets
 A - 17 poisoned needles
Scrolls
 d - a scroll of teleportation
 l - a scroll of enchant weapon
 p - a scroll of identify
 r - 3 scrolls of remove curse
 s - a scroll of magic mapping
 w - 2 scrolls of fear {unknown}
 E - a scroll of blinking
Potions
 e - 2 potions of haste {unknown}
 g - 2 potions of brilliance
 m - a potion of lignification {unknown}
 o - a potion of flight {unknown}
 t - a potion of invisibility
 u - a potion of degeneration {unknown}
 v - a potion of curing
 z - a potion of heal wounds
 C - a potion of might {unknown}
 D - a potion of mutation {unknown}
Books
 c - the Catalogue of Attacks

   Spells                             Type                      Level
   a - Throw Frost                    Conjuration/Ice              2
   b - Searing Ray                    Conjuration                  2
Comestibles
 f - 4 bread rations
 h - 2 slices of pizza
 n - a meat ration
 F - a chunk of flesh


   Skills:
 - Level 1.0 Fighting
 + Level 3.3 Slings
 - Level 2.0 Bows
 - Level 4.0 Stealth
   Level 1.0 Shields
 - Level 4.0 Spellcasting
   Level 1.0 Translocations
   Level 1.1 Evocations


You had 12 spell levels left.
You didn't know any spells.

Dungeon Overview and Level Annotations

Branches:
Dungeon (3/15)

Altars:


Innate Abilities, Weirdness & Mutations

You cannot wear most types of armour.
You are amphibious.
You can wear up to eight rings at the same time.
You can use your tentacles to constrict eight enemies at once.
Your skin changes colour to match your surroundings (Stealth).
Your rubbery body absorbs attacks (AC +1).


Message History

You kill the orc!
The hobgoblin hits you with a club.
* * * LOW HITPOINT WARNING * * *
You hit the hobgoblin. Your grab misses the hobgoblin.
The hobgoblin is lightly wounded.
The hobgoblin closely misses you.
You hit the hobgoblin. You grab the hobgoblin.
The hobgoblin is heavily wounded.
You constrict the hobgoblin, but do no damage.
The hobgoblin hits you with a club.
* * * LOW HITPOINT WARNING * * *
You hit the hobgoblin but do no damage.
The hobgoblin is heavily wounded.
You constrict the hobgoblin. The hobgoblin hits you with a club.
* * * LOW HITPOINT WARNING * * *
You sock the hobgoblin!
You kill the hobgoblin!
You closely miss the giant newt. Your grab misses the giant newt.
The giant newt barely misses you. The giant newt bites you.
You die...

#### #.. #### ###.# ##### #..
...## ....###.#####.... ######
##..##.#.....^.#
########....####..............#
.......'.....l@.<....†..>....#.
########....#######.#.....####
#.[..#.....[....#..#
#....#.######.#....# .(....#
#.##...# ..l....# #.##...#####
....#### #.##....†.(( ....#
#..#.....### #####.#.....#


You could see a giant newt.

Vanquished Creatures
  4 adders
  2 oozes
  2 dart slugs (D:1)
  2 orcs (D:3)
  4 bats (D:1)
  6 giant cockroaches
  5 goblins
  14 hobgoblins
  4 jackals (D:1)
  A ball python (D:2)
  4 giant newts
  6 kobolds
  9 rats
63 creatures vanquished.

Notes
Turn   | Place    | Note
--------------------------------------------------------------
     0 | D:1      | Iskender the Octopode Wanderer began the quest for the Orb.
     0 | D:1      | Iskender set off with: a +2 shortbow, 22 arrows, the Catalogue of Attacks, a scroll of teleportation, a bread ration
     0 | D:1      | Reached XP level 1. HP: 13/13 MP: 5/5
     0 | D:1      | Identified the Catalogue of Attacks
    92 | D:1      | Reached skill level 1 in Stealth
   130 | D:1      | Reached XP level 2. HP: 18/18 MP: 7/7
   569 | D:1      | Reached skill level 1 in Slings
   644 | D:1      | Reached XP level 3. HP: 23/23 MP: 8/8
  1211 | D:2      | Reached XP level 4. HP: 28/28 MP: 10/10
  1751 | D:3      | Reached XP level 5. HP: 16/33 MP: 11/11
  1777 | D:3      | Slain by a giant newt

Skill      XL: |  1  2  3  4 |
---------------+-------------+-----
Stealth        | 2 3 4 |  4.0
Slings         | 1 2 3 |  3.3
Fighting       | |  1.0
Bows           | |  2.0
Shields        | |  1.0
Spellcasting   | |  4.0
Translocations | |  1.0
Evocations     | |  1.1

Action                   |  1- 3 |  4- 6 || total
-------------------------+-------+-------++-------
Melee: Unarmed           |    38 |       ||    38
       Tentacles         |    13 |     5 ||    18
       Constrict         |    13 |     9 ||    22
       Mace              |     7 |    45 ||    52
 Fire: Shortbow          |    47 |    17 ||    64
       Hunting sling     |     5 |    14 ||    19
  Use: Scroll            |     3 |     3 ||     6
       Potion            |       |     2 ||     2
 Stab: Sleeping          |     1 |     3 ||     4
  Eat: Chunk             |     1 |     2 ||     3
Armor: Skin              |    10 |       ||    10
Dodge: Dodged            |    23 |    27 ||    50
